AoeStats
← Homer554

Arena

510381231Analyzed
1v1 RM · 1d ago on Sep 30, 2026· 44m 37s· 2 players
Game mode
Random Map
Map size
Tiny (2 player)
Population
200
Speed
Normal
Resources
Standard
Victory
Conquest
Starting age
Dark Age
Ending age
Imperial Age
RankedLock teamsTeams togetherTeam positionsShared explorationLock speedFull tech treeHidden civsTurbo modeCheats
Victory
Defeat
🇨🇭 Poles · Switzerland
916
+14
🇷🇺 Mongols · Russia
865
-14
Homer554
10:51 Feudal Age
15:00 Castle Age
14:02 Double-Bit Axe
14:00 Horse Collar
15:57 Bow Saw
15:40 Loom
15:59 Heavy Plow
21:46 Wheelbarrow
22:28 Husbandry
22:58 Forging
23:01 Town Watch
30:39 Imperial Age
28:27 Hand Cart
28:29 Pikeman
29:10 Squires
30:47 Scale Mail Armor
31:23 Iron Casting
35:06 Town Patrol
35:34 Chain Mail Armor
36:22 Blast Furnace
35:13 Fletching
36:18 Thumb Ring
36:39 Parthian Tactics
35:50 Capped Ram
38:21 Plate Mail Armor
37:17 Heavy Scorpion
38:18 Murder Holes
38:17 Man-at-Arms
38:43 Arson
39:41 Hoardings
39:43 Bodkin Arrow
42:00 Siege Engineers
42:08 Masonry
43:15 Onager
44:37 Ballistics
44:40 Bracer
Ultrain
11:14 Feudal Age
14:55 Castle Age
13:29 Double-Bit Axe
14:02 Loom
16:00 Bow Saw
15:32 Horse Collar
25:20 Wheelbarrow
24:51 Heavy Plow
29:05 Imperial Age
26:49 Fletching
28:15 Bloodlines
28:39 Scale Barding Armor
28:35 Scale Mail Armor
28:47 Forging
30:07 Conscription
33:29 Chain Barding Armor
34:30 Chain Mail Armor
34:51 Iron Casting
35:24 Cavalier
37:17 Crop Rotation
38:20 Plate Mail Armor
39:24 Hand Cart
38:56 Town Watch
39:09 Bodkin Arrow
42:04 Light Cavalry
42:48 Winged Hussar
44:06 Bracer
45:06 Blast Furnace
44:54 Lechitic Legacy
Connection lost

Rejoining the realm…

Still unreachable

The connection could not be restored.

Session expired

The server has moved on; the page needs a fresh start.